 Dungeon Sprint DCSS version 0.31-a0-18-gea43df2a32 (webtiles) character file.

Game seed: 5133737215331819530

4868 sircluck the Brawler (level 10, -17/110 HPs)
             Began as a Troll Berserker on May 12, 2023.
             Was a High Priest of Trog.
             Demolished by a death cob (31 damage)
             ... in the Dungeon (Sprint VII: "The Pits").
             The game lasted 00:04:13 (917 turns).

sircluck the Brawler (Troll Berserker)               Turns: 917, Time: 00:04:14

Health: -17/110    AC:  5    Str: 34    XL:     10   Next: 26%
Magic:  9/9        EV: 13    Int:  3    God:    Trog [*****.]
Gold:   0          SH:  0    Dex:  9    Spells: 9/9 levels left

rFire   . .          .
                       - Unarmed
rCold   . . .        (no shield)
rNeg    . . .        a - +0 animal skin
rPois   .            (helmet restricted)
rElec   .            m - +0 cloak
rCorr   .            (gloves unavailable)
SInv    .            (boots unavailable)
Will    .....        (no amulet)
Stlth   +            l - +3 ring of strength
HPRegen 1.18/turn    (no ring)
MPRegen 0.11/turn

%: no teleportation
@: slowed, very slow
A: large, unfitting armour, claws 3, regeneration 1, shaggy fur 1, tough skin 1
a: Renounce Religion, Berserk, Trog's Hand, Brothers in Arms


You were in the Dungeon.
You worshipped Trog.
Trog was extremely pleased with you.
You visited 1 branch

Inventory:

Missiles
 j - 10 stones (quivered)
Armour
 a - a +0 animal skin (worn)
 m - a +0 cloak (worn)
Jewellery
 k - a +3 ring of intelligence
 l - a +3 ring of strength (left claw)
Scrolls
 i - a scroll of summoning
Potions
 b - 7 potions of curing
 c - 11 potions of heal wounds
 d - 3 potions of haste
 e - 4 potions of magic
 f - 4 potions of berserk rage
 h - 2 potions of invisibility


   Skills:
 + Level 9.8 Fighting
 + Level 11.3 Dodging
 + Level 0.1 Stealth
 + Level 17.7 Unarmed Combat


You had 9 spell levels left.
You didn't know any spells.
Your spell library was empty.

Dungeon Overview and Level Annotations

Branches:
Dungeon (1/1)

Altars:
Ashenzari
Cheibriados
Dithmenos
Elyvilon
Fedhas
Gozag
Hepliaklqana
Kikubaaqudgha
Makhleb
Nemelex Xobeh
Okawaru
Qazlal
Ru
Sif Muna
Trog
Uskayaw
Vehumet
Wu Jian
Xom
Yredelemnul
Zin
The Shining One
Jiyva
Lugonu


Innate Abilities, Weirdness & Mutations

You are too large for most types of armour.
You have claws for hands.
Your natural rate of healing is unusually fast.
You are covered in fur. (AC +1)
You have tough skin. (AC +1)


Message History

You claw the death cob! x2
The death cob is heavily damaged.
The death cob hits you! The death cob drains your vigour!
You feel as though you will be slow longer.
The death cob misses you. The death cob hits you!!
The death cob drains your vigour!
You feel as though you will be slow longer.
You claw the death cob!
The death cob is severely damaged.
The death cob hits you!! The death cob drains your vigour!
You feel as though you will be slow longer.
The death cob hits you!!
* * * LOW HITPOINT WARNING * * *
Unknown command.
You feel much better. The death cob hits you!!
* * * LOW HITPOINT WARNING * * *
The death cob hits you.
* * * LOW HITPOINT WARNING * * *
The death cob misses you. The death cob closely misses you.
Unknown command.
Blink to where?
Press: ? - help, Q - select action, (/) - cycle Dir - move target
As you read the scroll of blinking, it crumbles to dust.
Your cyclops goes berserk!
The death cob barely misses you.
You swap places.
The death cob hits your cyclops!
The death cob drains your cyclops's vigour!
Your cyclops seems to slow down.
The death cob hits your cyclops!!
The death cob drains your cyclops's vigour!
Your cyclops seems to slow down.
The polar bear rages.
The death cob hits your cyclops!
Your cyclops hits the death cob!!
Things that are here:
a +0 short sword; a kobold corpse The death cob hits your cyclops!!
Your cyclops dies!
Your cyclops's corpse disappears in a puff of smoke!
The death cob hits you!!
You die...

................#
###'#####''######
.......##''##### ###########
.......##......# #.........#
.......##......# #.).....#
...<...###....## ####†..####
.......# ##''## ###.)).Z.'h.#
.......###....###..h.##+##Z....#
.......##......#@z..## G...#
#########....)÷))...+ ...+
#########.....÷#)...# ..#
..#..[.###.)..###....# .#
..#.![[# ##''## ###..+ .
..'..))###....## ####
..#..))##......#
..#..))##......#
################


You could see a death cob, a polar bear (berserk) and a bat skeleton.

Vanquished Creatures
  A bog body (D)
  A kobold demonologist (D)
  A wraith (D)
  A vampire mosquito (D)
  3 yaks (D)
  A warg (D)
  A water moccasin (D)
  A floating eye (D)
  A swamp drake (D)
  An orc warrior (D)
  A wolf (D)
  2 ogres (D)
  A phantom (D)
  A necrophage (D)
  A bullfrog (D)
  A scorpion (D)
  A crimson imp (D)
  A jelly (D)
  Terence (D)
  2 orc wizards (D)
  A gnoll (D)
  A river rat (D)
  A white imp (D)
  An ufetubus (D)
  2 orcs (D)
  An endoplasm (D)
  A giant cockroach (D)
  2 jackals (D)
  2 quokkas (D)
  A kobold (D)
  2 rats (D)
39 creatures vanquished.

Vanquished Creatures (collateral kills)
  A sea snake (D)
  A deep elf zephyrmancer (D)
  A lindwurm (D)
  2 kobold demonologists (D)
  A merfolk (D)
  A shadow (D)
  2 yaks (D)
  A small abomination (D)
  4 kobolds (D)
14 creatures vanquished.

Grand Total: 53 creatures vanquished

Notes
Turn   | Place    | Note
-------+----------+-------------------------------------------
     0 | D        | sircluck the Troll Berserker began the quest for the Orb.
     0 | D        | Reached XP level 1. HP: 22/22 MP: 0/0
    35 | D        | Noticed a scorpion
    39 | D        | Killed a scorpion
    40 | D        | Reached skill level 5 in Unarmed Combat
    40 | D        | Reached XP level 2. HP: 32/32 MP: 1/1
    40 | D        | Reached XP level 3. HP: 39/39 MP: 2/2
    45 | D        | Found a bloodstained altar of Trog.
    45 | D        | Found a shimmering blue altar of Sif Muna.
    45 | D        | Found a viscous altar of Jiyva.
    45 | D        | Found a hazy altar of Hepliaklqana.
    45 | D        | Found an opulent altar of Gozag.
    46 | D        | Found a glowing golden altar of the Shining One.
    46 | D        | Found a glowing silver altar of Zin.
    46 | D        | Found a basalt altar of Yredelemnul.
    46 | D        | Found a shimmering altar of Xom.
    46 | D        | Found an ornate altar of the Wu Jian Council.
    46 | D        | Found a sacrificial altar of Ru.
    46 | D        | Found a stormy altar of Qazlal.
    46 | D        | Found an iron altar of Okawaru.
    46 | D        | Found a sparkling altar of Nemelex Xobeh.
    46 | D        | Found a burning altar of Makhleb.
    46 | D        | Found a blossoming altar of Fedhas.
    46 | D        | Found a white marble altar of Elyvilon.
    46 | D        | Found a shadowy altar of Dithmenos.
    46 | D        | Found a snail-covered altar of Cheibriados.
    48 | D        | Found a radiant altar of Vehumet.
    48 | D        | Found a corrupted altar of Lugonu.
    49 | D        | Found a hide-covered altar of Uskayaw.
    49 | D        | Found an ancient bone altar of Kikubaaqudgha.
    49 | D        | Found a broken altar of Ashenzari.
    97 | D        | Reached ** piety under Trog
   111 | D        | Reached XP level 4. HP: 30/49 MP: 3/3
   114 | D        | Reached *** piety under Trog
   134 | D        | Noticed a floating eye
   135 | D        | Paralysed by a floating eye for 3 turns
   140 | D        | Killed a floating eye
   141 | D        | Reached skill level 5 in Fighting
   141 | D        | Reached skill level 5 in Dodging
   141 | D        | Reached skill level 7 in Unarmed Combat
   141 | D        | Reached XP level 5. HP: 58/58 MP: 4/4
   147 | D        | Reached **** piety under Trog
   190 | D        | Noticed an ogre
   205 | D        | Killed an ogre
   206 | D        | Reached skill level 8 in Unarmed Combat
   352 | D        | Noticed a water moccasin
   366 | D        | Killed a water moccasin
   367 | D        | Reached skill level 9 in Unarmed Combat
   367 | D        | Reached XP level 6. HP: 58/68 MP: 5/5
   373 | D        | Reached ***** piety under Trog
   397 | D        | Noticed Terence
   402 | D        | Killed Terence
   407 | D        | Noticed a vampire mosquito
   434 | D        | Killed a vampire mosquito
   435 | D        | Reached skill level 10 in Unarmed Combat
   435 | D        | Reached XP level 7. HP: 30/78 MP: 6/6
   486 | D        | Received a gift from Trog
   487 | D        | Reached skill level 11 in Unarmed Combat
   528 | D        | Noticed a merfolk
   528 | D        | Noticed a deep elf zephyrmancer
   534 | D        | Killed a deep elf zephyrmancer
   535 | D        | Reached skill level 12 in Unarmed Combat
   535 | D        | Reached XP level 8. HP: 20/88 MP: 7/7
   536 | D        | Killed a merfolk
   537 | D        | Reached skill level 13 in Unarmed Combat
   677 | D        | Noticed a sea snake
   683 | D        | Reached skill level 14 in Unarmed Combat
   684 | D        | Killed a sea snake
   685 | D        | Reached skill level 10 in Dodging
   685 | D        | Reached skill level 15 in Unarmed Combat
   685 | D        | Reached XP level 9. HP: 45/98 MP: 8/8
   685 | D        | Received a gift from Trog
   701 | D        | Noticed a kobold demonologist
   701 | D        | Noticed a kobold demonologist
   701 | D        | Noticed a kobold demonologist
   701 | D        | Noticed a lindwurm
   703 | D        | Noticed an orange demon
   704 | D        | Killed a kobold demonologist
   710 | D        | Received a gift from Trog
   711 | D        | Reached skill level 16 in Unarmed Combat
   717 | D        | Killed a kobold demonologist
   719 | D        | Noticed an orange demon
   719 | D        | Killed a lindwurm
   720 | D        | Reached skill level 17 in Unarmed Combat
   720 | D        | Reached XP level 10. HP: 59/107 MP: 9/9
   726 | D        | Lost intelligence.
   885 | D        | Noticed a bog body
   887 | D        | Reached ****** piety under Trog
   887 | D        | Received a gift from Trog
   898 | D        | Killed a bog body
   908 | D        | Noticed a death cob
   908 | D        | Noticed a great orb of eyes
   917 | D        | Demolished by a death cob

Illustrated notes

Levels and vault maps discovered:
D:        pitsprint [storerooms_1, entrance_room_1, metal_vault_2, armoury_2,
          mini_pit_1, grid_room_1, main_hall_1, silver_pit, the_coven_3,
          the_vestibule_1, steel_vault_5, golden_pit, hallway_of_sentries,
          crystal_vault_1, iron_vault_4, final_vault]

Skill      XL: |  1  2  3  4  5  6  7  8  9 10 |
---------------+-------------------------------+-----
Fighting       | 4 5 6 7 8 9 |  9.8
Dodging        | 4 5 6 7 8 10 11 | 11.3
Unarmed Combat | 5 7 9 10 12 15 17 | 17.7
Stealth        | |  0.1

Action                     |  1- 3 |  4- 6 |  7- 9 | 10-12 || total
---------------------------+-------+-------+-------+-------++-------
  Melee: Unarmed           |    16 |    63 |    33 |    28 ||   140
         Punch             |     1 |       |       |     1 ||     2
 Invoke: Berserk           |       |     2 |       |       ||     2
         Brothers in Arms  |       |       |     3 |     1 ||     4
    Use: Scroll            |       |       |       |     1 ||     1
         Potion            |       |       |       |     1 ||     1
   Stab: Confused          |       |       |       |     1 ||     1
 Armour: Animal skin       |    12 |    12 |     7 |     7 ||    38
  Dodge: Dodged            |    13 |    52 |     7 |    23 ||    95

Table legend: (Time is in decaauts)
 A = Elapsed time spent in this place.
 B = Non-inter-level travel time spent in this place.
 C = Inter-level travel time spent in this place.
 D = Time resting spent in this place.
 E = Time spent auto-exploring this place.
 F = Levels seen in this place.
 G = Mean time per level.
                   A        B        C        D        E       F      G
               +--------+--------+--------+--------+--------+-----+--------+
         Total |    926 |    869 |     57 |    365 |     76 |   1 |  926.0 |
       Dungeon |    926 |    869 |     57 |    365 |     76 |   1 |  926.0 |
               +--------+--------+--------+--------+--------+-----+--------+

Top non-repeatable levels by time:
       D: 926 daAuts
